 Dungeon Crawl Stone Soup version 0.32-a0-893-gf85d74f360 (webtiles) character file.

Game seed: 7195753733302256260

232 Xpym the Gusty (level 5, -1/38 HPs)
             Began as a Demigod Air Elementalist on Apr 3, 2024.
             Killed by their own static electricity (3 damage)
             ... on level 4 of the Dungeon.
             The game lasted 00:09:20 (3754 turns).

Xpym the Gusty (Demigod Air Elementalist)           Turns: 3754, Time: 00:09:21

Health: -1/38      AC:  2    Str:  9    XL:     5   Next: 45%
Magic:  1/11       EV: 11    Int: 21    God:
Gold:   150        SH:  0    Dex: 14    Spells: 6/9 levels left

rFire   + . .        l - +0 sling
rCold   . . .        (no shield)
rNeg    . . .        a - +0 robe
rPois   .            (no helmet)
rElec   .            (no cloak)
rCorr   .            (no gloves)
SInv    .            (no boots)
Will    .....        (no amulet)
Stlth   ++           F - ring of protection from fire
HPRegen 0.26/turn    (no ring)
MPRegen 0.12/turn

%: no passive effects
@: no status effects
A: high MP 1, forlorn, divine attributes
a: no special abilities


You were on level 4 of the Dungeon.
You visited 1 branch of the dungeon, and saw 4 of its levels.

You collected 150 gold pieces.


Innate Abilities, Weirdness & Mutations

You have an increased reservoir of magic. (+10% MP)
You shall have no god before yourself.
Your divine heritage dramatically boosts your attributes as you level up.


   Skills:
 - Level 1.7 Dodging
 - Level 1.7 Stealth
 + Level 2.7 Spellcasting
 * Level 3.3 Conjurations
 * Level 4.3 Air Magic


You had 6 spell levels left.
You knew the following spells:

 Your Spells              Type           Power      Damage    Failure   Level
t - Static Discharge      Conj/Air       36%        3-5/arc   4%          2
z - Shock                 Conj/Air       72%        1d7       3%          1

Your spell library contained the following spells:

 Spells                   Type           Power      Damage    Failure   Level
 Swiftness                Air            20%        N/A       7%          3
 Apportation              Tloc           4%         N/A       14%         1
 Jinxbite                 Hex            4%         N/A       21%         2
 Airstrike                Air            10%        2d(2-18)  24%         4
 Alistair's Intoxication  Alch           1%         N/A       98%         5

Inventory:

Hand Weapons
 l - a +0 sling (weapon)
 m - a +0 dagger of speed
Missiles
 h - 4 curare-tipped darts {@f1 =f}
Armour
 a - a +0 robe (worn)
Jewellery
 F - a ring of protection from fire (left hand)
Scrolls
 d - a scroll of amnesia {unknown}
 f - a scroll of blinking {unknown}
 g - a scroll of butterflies {unknown}
 k - a scroll of enchant weapon {unknown}
 o - a scroll of teleportation {unknown}
 p - 2 scrolls of identify {@r1}
 q - a scroll of immolation {unknown}
Potions
 b - a potion of magic
 e - 2 potions of haste {unknown}
 i - a potion of might
 j - 2 potions of cancellation
 n - a potion of enlightenment {unknown}
 r - 2 potions of heal wounds {unknown}

Dungeon Overview and Level Annotations

Branches:
Dungeon (4/15)
 Temple: D:4-7

Annotations:
D:3 3 runed translucent doors, Domino's ghost, weakling MDFi

## ..# # .((##.
#..#. ....###
.###....###.###
......)........
#@## ##..#
#..†#####
#...†...#
#...###.# #
#...# #.####.##
#...# #.#......
#...###....#...
#...##......†#


There were no monsters in sight!


Message History

Casting: Shock (safe; 3% risk of failure)
Confirm with . or Enter, or press ? or * to list all spells.
Blork the orc is struck by an arc of lightning.
Blork the orc is heavily wounded.
You are struck by an arc of lightning.
Blork the orc is struck by an arc of lightning.
Blork the orc is severely wounded.
The lightning grounds out.
Blork the orc hits you with a +0 battleaxe!
* * * LOW HITPOINT WARNING * * *
Casting: Static Discharge (safe; 4% risk of failure)
Confirm with . or Enter, or press ? or * to list all spells.
Blork the orc is struck by an arc of lightning.
Blork the orc is severely wounded.
You are struck by an arc of lightning.
* * * LOW HITPOINT WARNING * * *
Blork the orc is struck by an arc of lightning.
Blork the orc is almost dead.
You are struck by an arc of lightning.
* * * LOW HITPOINT WARNING * * *
The lightning grounds out.
Blork the orc hits you with a +0 battleaxe!
* * * LOW HITPOINT WARNING * * *
Casting: Static Discharge (safe; 4% risk of failure)
Confirm with . or Enter, or press ? or * to list all spells.
Blork the orc is struck by an arc of lightning.
You kill Blork the orc!
Blork the orc's eyes stop glowing, and he collapses.
You are struck by an arc of lightning.
You die...

Skill      XL: |  1  2  3  4 |
---------------+-------------+-----
Conjurations   | 1 2 3 |  3.3
Air Magic      | 3 4 |  4.3
Spellcasting   | 2 |  2.7
Dodging        | |  1.7
Stealth        | |  1.7

Action                     |  1- 3 |  4- 6 || total
---------------------------+-------+-------++-------
  Melee: Unarmed           |     5 |       ||     5
   Fire: Sling             |     8 |     5 ||    13
  Throw: Dart              |       |     3 ||     3
   Cast: Shock             |    96 |    43 ||   139
         Static Discharge  |     1 |    21 ||    22
    Use: Scroll            |     2 |     1 ||     3
 Armour: Robe              |    14 |    32 ||    46
  Dodge: Dodged            |     8 |     6 ||    14

Levels and vault maps discovered:
D:1:      shiori_arrival_whats_in_store_for_you, layout_basic,
          basic_ecumenical_altar, minmay_pentomino_z2
D:2:      layout_loops_ring
D:3:      layout_basic, gammafunk_ghost_nasty_kobolds, minivault_4
D:4:      cheibrodos_pilgrimage, layout_basic, nicolae_xom_altar_mimics,
          uniq_natasha, uniq_blork_the_orc

Notes
Turn   | Place    | Note
-------+----------+-------------------------------------------
     0 | D:1      | Xpym the Demigod Air Elementalist began the quest for the
                  | Orb.
     0 | D:1      | Reached XP level 1. HP: 14/14 MP: 5/5
     0 | D:1      | Noticed a large abomination
     0 | D:1      | Noticed a large abomination
     1 | D:1      | Noticed a large abomination
     3 | D:1      | Noticed a large abomination
     3 | D:1      | Noticed a large abomination
     6 | D:1      | Noticed a large abomination
     7 | D:1      | Noticed a large abomination
     8 | D:1      | Noticed a small abomination
     9 | D:1      | Noticed a large abomination
    11 | D:1      | Noticed a large abomination
    11 | D:1      | Noticed a large abomination
    13 | D:1      | Noticed a large abomination
    13 | D:1      | Noticed a large abomination
    16 | D:1      | Noticed a large abomination
    16 | D:1      | Noticed a large abomination
    16 | D:1      | Noticed a large abomination
    18 | D:1      | Noticed a large abomination
    18 | D:1      | Noticed a large abomination
    20 | D:1      | Noticed a large abomination
    22 | D:1      | Noticed a large abomination
    56 | D:1      | Reached skill level 1 in Conjurations
   402 | D:1      | Reached XP level 2. HP: 20/20 MP: 4/7
   407 | D:1      | Reached skill level 3 in Air Magic
   491 | D:1      | Reached skill level 2 in Spellcasting
  1331 | D:2      | Learned a level 2 spell: Static Discharge
  1376 | D:2      | Reached XP level 3. HP: 26/26 MP: 5/8
  1550 | D:2      | Reached skill level 2 in Conjurations
  1965 | D:2      | You fall into a shaft and drop 1 floor!
  1976 | D:3      | Found a runed translucent gate.
  1977 | D:3      | Found a runed translucent gate.
  1978 | D:3      | Found a runed translucent gate.
  1979 | D:3      | Noticed Domino's ghost (weakling MDFi)
  1980 | D:3      | Noticed a kobold brigand
  2024 | D:2      | Reached XP level 4. HP: 33/33 MP: 4/10
  3422 | D:4      | Reached skill level 3 in Conjurations
  3422 | D:4      | Reached skill level 4 in Air Magic
  3422 | D:4      | Reached XP level 5. HP: 27/38 MP: 4/11
  3492 | D:4      | Noticed Natasha
  3494 | D:4      | Killed Natasha
  3744 | D:4      | Noticed Blork the orc
  3753 | D:4      | HP: 2/38 [Blork the orc/+0 battleaxe (7)]
  3754 | D:4      | Killed Blork the orc
  3754 | D:4      | Killed from afar by themself

Vanquished Creatures
  Blork the orc (D:4)
  A scorpion (D:4)
  Natasha (D:4)
  An orc wizard (D:2)
  4 adders
  3 dart slugs
  A ribbon worm (D:2)
  2 orcs (D:2)
  11 ball pythons
  4 endoplasms
  3 giant cockroaches
  5 hobgoblins
  4 jackals (D:4)
  4 kobolds
  4 quokkas
  5 bats
  6 frilled lizards
  12 goblins
  5 rats
77 creatures vanquished.

Table legend: (Time is in decaauts)
 A = Elapsed time spent in this place.
 B = Non-inter-level travel time spent in this place.
 C = Inter-level travel time spent in this place.
 D = Time resting spent in this place.
 E = Time spent auto-exploring this place.
 F = Levels seen in this place.
 G = Mean time per level.
                   A        B        C        D        E       F      G
               +--------+--------+--------+--------+--------+-----+--------+
         Total |   3759 |   3475 |    284 |     73 |   3037 |   4 |  939.8 |
       Dungeon |   3759 |   3475 |    284 |     73 |   3037 |   4 |  939.8 |
               +--------+--------+--------+--------+--------+-----+--------+

Top non-repeatable levels by time:
     D:2: 1368 daAuts
     D:1: 1239 daAuts
     D:3: 880 daAuts
     D:4: 271 daAuts

Table legend:
 A = Non-vault XP
 B = Vault XP
 C = Vault XP percentage of total XP
 D = Non-vault monster count
 E = Vault monster count
 F = Vault count percentage of total count
                 A         B        C        D         E       F
            +---------+---------+-------+---------+---------+-------
      Total |     294 |     134 |  31.3 |      74 |       3 |   3.9
            +---------+---------+-------+---------+---------+-------
        D:1 |      39 |       1 |   2.5 |      24 |       1 |   4.0
        D:2 |      91 |       0 |   0.0 |      30 |       0 |   0.0
        D:3 |      46 |       0 |   0.0 |      11 |       0 |   0.0
        D:4 |     118 |     133 |  53.0 |       9 |       2 |  18.2
            +---------+---------+-------+---------+---------+-------
